 Dungeon Crawl Stone Soup version 0.29-a0-82-g837932c90e (webtiles) character file.

Game seed: 6349983313700308795

576 sanka the Conjurer (level 7, 0/51 HPs)
             Began as a Gnoll Conjurer on Feb 4, 2022.
             Slain by Duvessa (3 damage)
             ... on level 4 of the Dungeon.
             The game lasted 00:05:51 (5119 turns).

sanka the Conjurer (Gnoll Conjurer)                 Turns: 5119, Time: 00:05:52

Health: 0/51       AC:  2    Str:  6    XL:     7   Next: 35%
Magic:  11/15      EV: 22    Int: 20    God:
Gold:   197        SH:  0    Dex: 15    Spells: 11/17 levels left

rFire   . . .      SeeInvis .     - Unarmed
rCold   . . .      Faith    .   (shield currently unavailable)
rNeg    . . .      Spirit   .   (armour currently unavailable)
rPois   x          Reflect  .   (helmet currently unavailable)
rElec   .          Harm     .   (cloak currently unavailable)
rCorr   +          Rampage  .   (gloves currently unavailable)
Will    .....                   (boots currently unavailable)
Stlth   +++.......              (no amulet)
HPRegen 0.17/turn               n - ring of wizardry
MPRegen 0.14/turn               c - ring of resist corrosion

@: brilliant, spider-form (expiring)
A: venomous fangs, tiny, (fangs 1), strong nose, distributed training
a: End Transformation


You were on level 4 of the Dungeon.
You were a venomous arachnid creature.
You visited 1 branch of the dungeon, and saw 5 of its levels.

You collected 197 gold pieces.


Innate Abilities, Weirdness & Mutations

You are a venomous arachnid creature.
You have poisonous fangs.
You are tiny and dextrous.
Your spellcasting is less reliable in this form.
Your armour is entirely melded.
You are incapable of wielding weapons or throwing items.
((You have very sharp teeth.))
Your uncanny sense of smell can sniff out nearby items.
Your experience applies equally to all skills.


   Skills:
 + Level 2.4 Fighting
 + Level 2.4 Short Blades
 + Level 2.4 Long Blades
 + Level 2.4 Axes
 + Level 2.4 Maces & Flails
 + Level 2.4 Polearms
 + Level 2.4 Staves
 + Level 2.4 Slings
 + Level 2.4 Bows
 + Level 2.4 Crossbows
 + Level 2.4 Throwing
 + Level 2.4 Armour
 + Level 5.2 Dodging
 + Level 4.9 Stealth
 + Level 2.4 Shields
 + Level 2.4 Unarmed Combat
 + Level 5.6 Spellcasting
 + Level 7.4 Conjurations
 + Level 2.0 Hexes
 + Level 2.0 Summonings
 + Level 2.0 Necromancy
 + Level 2.0 Translocations
 + Level 2.0 Transmutations
 + Level 2.0 Fire Magic
 + Level 2.0 Ice Magic
 + Level 2.0 Air Magic
 + Level 2.0 Earth Magic
 + Level 2.0 Poison Magic
 + Level 2.7 Invocations
 + Level 2.4 Evocations


You had 11 spell levels left.
You knew the following spells:

 Your Spells              Type           Power      Damage    Failure   Level
c - Spider Form           Tmut/Pois      20%        N/A       13%         3
x - Searing Ray           Conj           100%       2d8       1%          2
z - Magic Dart            Conj           100%       1d8       1%          1

Your spell library contained the following spells:

 Spells                   Type           Power      Damage    Failure   Level
 Beastly Appendage        Tmut           40%        N/A       6%          1
 Dazzling Flash           Conj/Hex       72%        N/A       6%          3
 Wereblood                Tmut           20%        N/A       9%          2
 Fulminant Prism          Conj/Hex       18%        3d11      14%         4
 Iskenderun's Mystic Bla  Conj/Tloc      36%        2d9       14%         4

Inventory:

Hand Weapons
 a - the +2 flail "Tickyc" (melded) {pain, rC+++ Dex+6} In the hands of one skilled in necromantic magic, it inflicts extra damage on living creatures. Dex: It affects your dexterity (+6). rC: It renders you almost immune to cold.
 l - a +2 vorpal trident
Armour
 q - a +0 robe (melded)
Jewellery
 c - a ring of resist corrosion (right front leg)
 n - a ring of wizardry (left front leg)
Wands
 m - a wand of flame (3)
Scrolls
 e - a scroll of holy word {unknown}
 h - 2 scrolls of vulnerability {unknown}
 j - a scroll of noise {unknown}
 o - a scroll of fog {unknown}
 p - 2 scrolls of identify {unknown}
 r - a scroll of silence {unknown}
Potions
 b - a potion of curing {unknown}
 d - a potion of heal wounds {unknown}
 f - a potion of flight {unknown}
 g - a potion of might {unknown}
 i - a potion of attraction {unknown}
 k - a potion of brilliance
 s - a potion of lignification {unknown}

Dungeon Overview and Level Annotations

Branches:
Dungeon (5/15)
 Temple: D:4-7

Altars:
Makhleb
Vehumet

Annotations:
D:4 Dowan, Duvessa

▒▒.▒).▒ ▒.......▒...▒▒ .....▒▒
▒▒...▒......▒▒ ▒▒
▒▒▒.▒▒▒▒▒▒...▒▒....▒.▒ ▒.
▒......▒▒..▒.▒▒....▒.▒ ▒▒▒▒▒.
▒.........▒▒.▒▒....▒.▒ ▒▒▒▒▒.....
▒.......▒▒▒..▒▒▒>▒.▒.▒▒▒.....▒▒▒.
▒.......▒ ▒.▒▒▒..........▒▒▒▒▒ ▒.
..▒▒▒...▒ ▒.▒▒...e....▒▒▒▒ ▒.
.......▒▒▒▒.▒▒..s.....▒▒▒▒ ▒▒
................e........▒ ▒
....▒▒...▒...............▒ ▒
.......▒...▒.............▒ ▒
.........................▒ ▒▒▒▒▒
....▒▒...................▒▒▒▒....
.....▒..▒........................
▒.......<........................
...........▒▒........▒...▒▒▒▒▒▒▒)


You could see Duvessa (fast, extremely poisoned) and Dowan.


Message History

You resist with some effort. The adder skeleton misses you.
Duvessa hits you with a +0 short sword!
* * * LOW HITPOINT WARNING * * *
You hit Duvessa but do no damage.
Duvessa looks as sick as possible!
Duvessa is severely wounded.
The adder skeleton closely misses you. Dowan casts a spell at you.
The puff of frost hits you!
* * * LOW HITPOINT WARNING * * *
Duvessa completely misses you. Duvessa completely misses you.
The adder skeleton barely misses you. Dowan hits you with a +0 dagger.
* * * LOW HITPOINT WARNING * * *
Duvessa misses you.
You climb upwards.
Your transformation is almost over.
There is a stone staircase leading down here.
Unknown command.
You barely miss Duvessa.
Duvessa is severely wounded.
Dowan barely misses you. Duvessa barely misses you.
Unknown command.
It was a potion of brilliance.
You feel clever all of a sudden. Duvessa hits you with a +0 short sword.
You die...

Action                   |  1- 3 |  4- 6 |  7- 9 || total
-------------------------+-------+-------+-------++-------
Melee: Unarmed           |    16 |       |     9 ||    25
       Bite              |     2 |     1 |       ||     3
       Trident           |       |    27 |     3 ||    30
       Flail             |       |       |     1 ||     1
 Cast: Magic Dart        |    67 |   132 |    35 ||   234
       Searing Ray       |       |     3 |     5 ||     8
       Spider Form       |       |       |     1 ||     1
  Use: Potion            |       |       |     1 ||     1
Armor: Robe              |     3 |     4 |       ||     7
Dodge: Dodged            |    13 |    29 |    20 ||    62

Levels and vault maps discovered:
D:1:      nicolae_arrival_memento_mori, layout_basic, serial_bayou_pond_b
D:2:      layout_loops_ring, shapermc_ecumenical_altar_mp_highgroup
D:3:      layout_basic
D:4:      layout_rooms, demons_altar, mainiacjoe_overflow_boulevard
D:5:      layout_layer_cave, uniq_duvessa, uniq_ijyb, uniq_pikel,
          uniq_prince_ribbit1

Notes
Turn   | Place    | Note
-------+----------+-------------------------------------------
     0 | D:1      | sanka the Gnoll Conjurer began the quest for the Orb.
     0 | D:1      | Reached XP level 1. HP: 13/13 MP: 6/6
   253 | D:1      | Reached XP level 2. HP: 19/19 MP: 5/7
   375 | D:1      | HP: 2/20 [giant cockroach (1)]
  1085 | D:1      | Reached XP level 3. HP: 25/25 MP: 6/9
  1088 | D:1      | Learned a level 2 spell: Searing Ray
  1305 | D:1      | Reached skill level 5 in Spellcasting
  1600 | D:2      | Reached skill level 1 in Invocations
  1676 | D:2      | Reached skill level 1 in Fighting
  1676 | D:2      | Reached skill level 1 in Short Blades
  1676 | D:2      | Reached skill level 1 in Long Blades
  1676 | D:2      | Reached skill level 1 in Axes
  1676 | D:2      | Reached skill level 1 in Maces & Flails
  1676 | D:2      | Reached skill level 1 in Polearms
  1676 | D:2      | Reached skill level 1 in Staves
  1676 | D:2      | Reached skill level 1 in Slings
  1676 | D:2      | Reached skill level 1 in Bows
  1676 | D:2      | Reached skill level 1 in Crossbows
  1676 | D:2      | Reached skill level 1 in Throwing
  1676 | D:2      | Reached skill level 1 in Armour
  1676 | D:2      | Reached skill level 1 in Shields
  1676 | D:2      | Reached skill level 1 in Unarmed Combat
  1676 | D:2      | Reached skill level 1 in Evocations
  1855 | D:2      | Reached XP level 4. HP: 32/32 MP: 6/11
  2021 | D:2      | Found a faded altar of an unknown god.
  2104 | D:2      | Noticed an ogre
  2110 | D:2      | Killed an ogre
  2111 | D:2      | Reached skill level 1 in Hexes
  2111 | D:2      | Reached skill level 1 in Summonings
  2111 | D:2      | Reached skill level 1 in Necromancy
  2111 | D:2      | Reached skill level 1 in Translocations
  2111 | D:2      | Reached skill level 1 in Transmutations
  2111 | D:2      | Reached skill level 1 in Fire Magic
  2111 | D:2      | Reached skill level 1 in Ice Magic
  2111 | D:2      | Reached skill level 1 in Air Magic
  2111 | D:2      | Reached skill level 1 in Earth Magic
  2111 | D:2      | Reached skill level 1 in Poison Magic
  2111 | D:2      | Reached XP level 5. HP: 37/37 MP: 5/12
  2968 | D:3      | Reached XP level 6. HP: 44/44 MP: 8/13
  2973 | D:3      | Reached skill level 2 in Invocations
  3801 | D:4      | Reached skill level 5 in Dodging
  3895 | D:4      | Found a radiant altar of Vehumet.
  3934 | D:4      | Reached skill level 2 in Fighting
  3934 | D:4      | Reached skill level 2 in Short Blades
  3934 | D:4      | Reached skill level 2 in Long Blades
  3934 | D:4      | Reached skill level 2 in Axes
  3934 | D:4      | Reached skill level 2 in Maces & Flails
  3934 | D:4      | Reached skill level 2 in Polearms
  3934 | D:4      | Reached skill level 2 in Staves
  3934 | D:4      | Reached skill level 2 in Slings
  3934 | D:4      | Reached skill level 2 in Bows
  3934 | D:4      | Reached skill level 2 in Crossbows
  3934 | D:4      | Reached skill level 2 in Throwing
  3934 | D:4      | Reached skill level 2 in Armour
  3934 | D:4      | Reached skill level 2 in Shields
  3934 | D:4      | Reached skill level 2 in Unarmed Combat
  3934 | D:4      | Reached skill level 2 in Evocations
  4342 | D:4      | Reached XP level 7. HP: 36/50 MP: 11/15
  4582 | D:4      | Identified the +2 flail "Tickyc" {pain, rC+++ Dex+6}
  4713 | D:4      | Found a burning altar of Makhleb.
  5008 | D:4      | Reached skill level 2 in Hexes
  5008 | D:4      | Reached skill level 2 in Summonings
  5008 | D:4      | Reached skill level 2 in Necromancy
  5008 | D:4      | Reached skill level 2 in Translocations
  5008 | D:4      | Reached skill level 2 in Transmutations
  5008 | D:4      | Reached skill level 2 in Fire Magic
  5008 | D:4      | Reached skill level 2 in Ice Magic
  5008 | D:4      | Reached skill level 2 in Air Magic
  5008 | D:4      | Reached skill level 2 in Earth Magic
  5008 | D:4      | Reached skill level 2 in Poison Magic
  5073 | D:4      | Learned a level 3 spell: Spider Form
  5103 | D:5      | Entered Level 5 of the Dungeon
  5103 | D:5      | Noticed Duvessa
  5103 | D:5      | Noticed Dowan
  5116 | D:5      | HP: 2/51 [Dowan (6)]
  5119 | D:4      | Slain by Duvessa

Vanquished Creatures
  An ogre (D:2)
  A water moccasin skeleton (D:4)
  An orc priest (D:4)
  3 iron imps (D:4)
  3 orc wizards (D:4)
  6 gnolls
  8 adders
  An ufetubus (D:4)
  A worm (D:4)
  4 dart slugs
  10 orcs
  5 ball pythons
  9 endoplasms
  4 giant cockroaches
  7 goblins
  7 hobgoblins
  2 jackals (D:3)
  4 quokkas
  14 bats
  2 frilled lizards
  9 kobolds
  4 rats
106 creatures vanquished.

Vanquished Creatures (others)
  A plant (D:4)
1 creature vanquished.

Grand Total: 107 creatures vanquished
